 Dungeon Crawl Stone Soup version 0.31-a0-237-g2d982f9f85 (webtiles) character file.

Game seed: 3977413458452297524

162 qw the Shooter (level 5, -3/45 HPs)
             Began as a Minotaur Hexslinger on July 10, 2023.
             Was an Initiate of Okawaru.
             Killed by divine providence
             ... invoked by an orc priest
              (8 damage)
             ... on level 4 of the Dungeon.
             The game lasted 00:00:58 (2965 turns).

qw the Shooter (Minotaur Hexslinger)                Turns: 2965, Time: 00:00:58

Health: -3/45      AC:  6    Str: 12    XL:     5   Next: 19%
Magic:  5/5        EV: 11    Int: 10    God:    Okawaru [......]
Gold:   136        SH:  0    Dex: 15    Spells: 5/6 levels left

rFire   . . .        Y - +1 sling
rCold   . . .        (no shield)
rNeg    . . .        f - +0 ring mail
rPois   .            (helmet restricted)
rElec   .            b - +0 cloak
rCorr   .            (no gloves)
SInv    .            (no boots)
Will    .....        (no amulet)
Stlth   +            (no ring)
HPRegen 0.27/turn    (no ring)
MPRegen 0.09/turn

%: no passive effects
@: about to teleport
A: horns 2, retaliatory headbutt
a: Renounce Religion


You were on level 4 of the Dungeon.
You worshipped Okawaru.
Okawaru was noncommittal.
You visited 1 branch of the dungeon, and saw 4 of its levels.

You collected 136 gold pieces.


Innate Abilities, Weirdness & Mutations

You have a pair of horns on your head.
You reflexively headbutt those who attack you in melee.


   Skills:
 - Level 3.0 Fighting
 + Level 5.2 Ranged Weapons
 - Level 1.1 Armour
 - Level 2.1 Dodging
 - Level 1.0 Spellcasting
 - Level 2.0 Hexes


You had 5 spell levels left.
You knew the following spells:

 Your Spells              Type           Power      Damage    Failure   Level
a - Slow                  Hex            16%        N/A       34%         1

Your spell library contained the following spells:

 Spells                   Type           Power      Damage    Failure   Level
 Inner Flame              Hex/Fire       2%         N/A       83%         3
 Portal Projectile        Hex/Tloc       4%         N/A       83%         3
 Cause Fear               Hex            2%         N/A       98%         4

Inventory:

Hand Weapons
 Y - a +1 sling (weapon)
Armour
 b - a +0 cloak (worn)
 f - a +0 ring mail (worn)
Scrolls
 c - a scroll of teleportation
 k - a scroll of identify
Potions
 a - a potion of mutation {unknown}
 d - 2 potions of curing {unknown}
 e - 2 potions of brilliance {unknown}
 g - a potion of degeneration {unknown}
 h - a potion of invisibility {unknown}
 i - a potion of heal wounds

Dungeon Overview and Level Annotations

Branches:
Dungeon (4/15)
 Temple: D:4-7

Altars:
Okawaru

Annotations:
D:2 1 runed translucent door, Crazy Yiuf


Message History

The sling bullet hits the gnoll.
The gnoll is heavily wounded.
The gnoll closely misses you.
A kobold comes into view. It is wielding a +0 short sword.
The orc hits you but does no damage.
You shoot a sling bullet. The kobold shouts!
The sling bullet hits the orc.
You kill the orc!
Okawaru accepts your kill. The gnoll barely misses you.
A rat zombie comes into view.
You shoot a sling bullet.
The sling bullet hits the gnoll but does no damage.
The gnoll closely misses you. You furiously retaliate!
You headbutt the gnoll.
The gnoll hits you from afar with a +0 halberd.
You shoot a sling bullet. The sling bullet hits the gnoll.
The gnoll is heavily wounded.
You hear the rapid hiss of an avalanche of sand nearby.
The orc priest mumbles some strange prayers to Beogh against you.
Beogh smites you! The gnoll hits you with a +0 flail.
The gnoll closely misses you.
You shoot a sling bullet.
The sling bullet closely misses the gnoll.
The sling bullet hits the gnoll.
The gnoll is severely wounded.
The gnoll hits you with a +0 flail!
The orc priest looks braver for a moment.
The gnoll barely misses you. The gnoll hits you with a +0 flail.
The gnoll hits you but does no damage.
You shoot a sling bullet. The sling bullet hits the gnoll.
The gnoll is severely wounded.
The gnoll hits you with a +0 flail.
The gnoll hits you from afar with a +0 halberd!
2965 ||| READING 2 scrolls of teleportation.
As you read the scroll of teleportation, it crumbles to dust.
You feel strangely unstable.
The orc priest mumbles some strange prayers to Beogh against you.
Beogh smites you!
You die...

##...## #......<.#
##.## ##.....#.## #.
##....#.## #.
###..#... #..####
##.# # #.# #
#.###############.# #
#ogg@............# #
...Z#o#############.#
# . # #.# # #.# # #.#
# #######.##
.........# #######..#
........###


You could see 2 orc priests, 2 gnolls and a rat zombie.

Vanquished Creatures
  A jelly (D:4)
  An iguana (D:4)
  2 adders (D:3)
  4 dart slugs
  3 orcs (D:4)
  6 ball pythons
  4 bats
  7 endoplasms
  7 giant cockroaches
  8 hobgoblins
  13 jackals
  3 quokkas
  A frilled lizard (D:1)
  3 goblins
  2 kobolds
65 creatures vanquished.

Notes
Turn   | Place    | Note
-------+----------+-------------------------------------------
     0 | D:1      | qw the Minotaur Hexslinger began the quest for the Orb.
     0 | D:1      | Reached XP level 1. HP: 16/16 MP: 1/1
     0 | D:1      | 0 ||| qw: Version: 0.3-a-52-g30416fa
     0 | D:1      | 0 ||| qw: Game counter: 5289
     0 | D:1      | 0 ||| qw: Melee chars always use a shield: true
     0 | D:1      | 0 ||| qw: God list: Okawaru
     0 | D:1      | 0 ||| qw: Allow faded altars: false
     0 | D:1      | 0 ||| qw: Do Orc after clearing Dungeon:15 true
     0 | D:1      | 0 ||| qw: Do second Lair branch before Depths: true
     0 | D:1      | 0 ||| qw: Lair rune preference: random
     0 | D:1      | 0 ||| qw: Goals: Normal
     0 | D:1      | 0 ||| PLANNING D:1-11
     1 | D:1      | Noticed an electric eel
   359 | D:1      | Reached skill level 3 in Ranged Weapons
   359 | D:1      | Reached XP level 2. HP: 18/23 MP: 2/2
   549 | D:1      | Found a faded altar of an unknown god.
   761 | D:1      | 761 ||| UPGRADING to +0 leather armour.
   771 | D:1      | 771 ||| DROPPING +0 robe.
   772 | D:1      | 772 ||| UPGRADING to +0 ring mail.
   782 | D:1      | 782 ||| DROPPING +0 leather armour.
   783 | D:1      | 783 ||| READING scroll labelled FUP OXKUTHRINUMA.
   788 | D:1      | 788 ||| READING 2 scrolls labelled WAPIEB NUPUWAOMP.
   789 | D:1      | 789 ||| READING 2 scrolls labelled USAYRI MOCADD.
   790 | D:1      | 790 ||| READING 2 scrolls labelled OMOFUWN QOYKYTT.
   791 | D:1      | 791 ||| DROPPING scroll of poison.
   792 | D:1      | 792 ||| DROPPING scroll of fog.
   793 | D:1      | 793 ||| DROPPING scroll of fear.
  1029 | D:2      | Reached XP level 3. HP: 29/29 MP: 3/3
  1379 | D:2      | Found a runed translucent door.
  1380 | D:2      | Noticed Crazy Yiuf
  1496 | D:2      | 1496 ||| UPGRADING to +0 cloak.
  1501 | D:2      | 1501 ||| READING scroll labelled KIFRIECUPOSK.
  1533 | D:3      | Reached skill level 4 in Ranged Weapons
  1568 | D:3      | Found an iron altar of Okawaru.
  1569 | D:3      | 1569 ||| PLANNING OKAWARU WORSHIP
  1583 | D:3      | Reached skill level 1 in Armour
  1658 | D:3      | Became a worshipper of Warmaster Okawaru
  1659 | D:3      | 1659 ||| PLANNING D:1-11
  1772 | D:3      | Reached XP level 4. HP: 35/36 MP: 4/4
  2279 | D:3      | 2279 ||| DRINKING 2 cyan potions.
  2280 | D:3      | 2280 ||| READING 2 scrolls of identify.
  2280 | D:3      | 2280 ||| IDENTIFYING blue potion
  2281 | D:3      | 2281 ||| DROPPING potion of attraction.
  2319 | D:4      | 2319 ||| PLANNING OSSUARY
  2365 | D:4      | Reached skill level 5 in Ranged Weapons
  2433 | D:4      | Reached XP level 5. HP: 14/42 MP: 5/5
  2788 | D:4      | Reached skill level 3 in Fighting
  2964 | D:4      | HP: 4/45 [gnoll/+0 halberd (8)]
  2965 | D:4      | 2965 ||| READING 2 scrolls of teleportation.
  2965 | D:4      | Killed from afar by an orc priest

Levels and vault maps discovered:
D:1:      arrival_aquarium_a, layout_basic,
          shapermc_ecumenical_altar_mp_urbaneastern, dreamdust_princess_bridge,
          skrybe_limestone_x, kennysheep_nondescript, nicolae_figureground_pulse
D:2:      layout_rooms, dk_noncrumbling_2, uniq_crazy_yiuf_cottage
D:3:      layout_loops_cross, old_standard_altar, minmay_surrounded
D:4:      layout_loops_ring, enter_ossuary_3, kennysheep_generic_room_4

Skill      XL: |  1  2  3  4  5 |
---------------+----------------+-----
Ranged Weapons | 3 4 5 |  5.2
Fighting       | 2 3 |  3.0
Armour         | 1 |  1.1
Dodging        | |  2.1
Spellcasting   | |  1.0
Hexes          | |  2.0

Action                     |  1- 3 |  4- 6 || total
---------------------------+-------+-------++-------
   Fire: Sling             |   123 |    96 ||   219
    Use: Scroll            |     5 |     2 ||     7
         Potion            |       |     1 ||     1
 Armour: Ring mail         |    30 |    32 ||    62
         Robe              |     1 |       ||     1
  Dodge: Dodged            |    49 |    38 ||    87

Table legend:
 A = Non-vault XP
 B = Vault XP
 C = Vault XP percentage of total XP
 D = Non-vault monster count
 E = Vault monster count
 F = Vault count percentage of total count
                 A         B        C        D         E       F
            +---------+---------+-------+---------+---------+-------
      Total |     209 |      23 |   9.9 |      60 |       5 |   7.7
            +---------+---------+-------+---------+---------+-------
        D:1 |      25 |       0 |   0.0 |      11 |       0 |   0.0
        D:2 |      34 |       0 |   0.0 |      18 |       0 |   0.0
        D:3 |      45 |      21 |  31.8 |      18 |       4 |  18.2
        D:4 |     105 |       2 |   1.9 |      13 |       1 |   7.1
            +---------+---------+-------+---------+---------+-------
